Description

Serrals standard opening in ZvT

The link below is to the complete replay pack for WCS Spring challenger. This particular game is in Group stage 3, Group A.

https://www.reddit.com/r/starcraft/comments/bqktop/wcs_spring_full_replay_pack_get_em_while_theyre/

Build Order

Why is there no SALT encoding or Overwolf build?

  16  0:50  Hatchery  
  18  1:10  Extractor  
  17  1:15  Spawning Pool  
  21  2:02  Queen x2  
  25  2:03  Zergling x2  
  26  2:20  Hatchery  
  28  2:35  Metabolic Boost  
  32  2:50  Queen  
  34  2:51  Pneumatized Carapace  
  43  3:30  Action, Queen x2  Scout the main and front ramp, As 3rd hatch finishes
  55  3:58  Lair  
  55  4:05  Baneling Nest  
  57  4:10  Queen  
  58  4:30  Zergling, Spore Crawler x3  Make lings and banes while droning
  70  4:55  Extractor x2  
      Evolution Chamber x2  
      Roach Warren  
      Extractor x3  
      Infestation Pit  For Swarm Host
      Nydus Network  Ling and Swarm Host harass
      Hive  
      Spire  
      Spire  Serral never reaches Broods but does make Corruptors for the Liberators.
      Greater Spire  
Spawning Tool Build Advisor. Get it on Overwolf

Analysis

Shortly after the end of the build order, Serral discovers he's playing against Mech but more specifically battle Mech, and immediately makes 2 evo's and a roach warren. His main army composition for most of the game is Ling Bane Roach Ravager and then Infestor, with Swarm Hosts after around the 11 minute mark, as harass and sometimes for efficient trades with Cyclones.

He never actually uses Broodlords because his opponent Clem never techs up beyond Hellion/ Cyclone/ Liberator.

I stop using supply count, timings etc after a certain point because inevitably a big attack happened towards Serral which delayed everything by at least a minute if not 2 minutes. But I did show the tech Serral went for and why.

Go to:

Details

  • Created by: ANTI   
  • Published on: Jun 03, 2019
  • Modified on: Jun 03, 2019
  • Patch: 4.7.1
Show

Export as new Build Order

Comments (0)

There are no comments. Be the first!

Create an account to comment!